 Dungeon Crawl Stone Soup version 0.21.0 (webtiles) character file.

6209 ponchio the Fighter (level 10, -4/68 HPs)
             Began as a Gargoyle Fighter on Jan 6, 2018.
             Was a Believer of the Shining One.
             Slain by a minotaur
             ... wielding a +0 mace of draining
              (24 damage)
             ... in a labyrinth.
             The game lasted 00:42:23 (10713 turns).

ponchio the Fighter (Gargoyle Fighter)             Turns: 10713, Time: 00:42:24

Health: -4/68      AC: 18    Str: 21    XL:     10   Next: 92%
Magic:  10/10      EV: 20    Int:  8    God:    the Shining One [**....]
Gold:   661        SH: 10    Dex: 17    Spells: 9/9 levels left

rFire    . . .     SeeInvis .   r - +1 whip (elec)
rCold    . . .     Gourm    .   c - +0 shield
rNeg     + + .     Faith    .   w - +3 leather armour
rPois    ∞         Spirit   .   v - +1 helmet
rElec    +         Reflect  .   u - +0 cloak
rCorr    .         Harm     +   (no gloves)
MR       .....                  o - +0 pair of boots
Stlth    +.........             C - amulet of harm
HPRegen  0.21/turn              (no ring)
MPRegen  0.12/turn              (no ring)

@: agile, berserk cooldown, flying, slowed, glowing, very slow
A: negative energy resistance 1, electricity resistance, unbreathing,
petrification resistance, rot immunity, AC +7
a: Divine Shield, Renounce Religion


You were in a labyrinth.
You worshipped the Shining One.
The Shining One was pleased with you.
You were hungry.

You visited 3 branches of the dungeon, and saw 10 of its levels.
You also visited: Labyrinth.

You collected 661 gold pieces.

Inventory:

Hand Weapons
 r - a +1 whip of electrocution (weapon)
Missiles
 y - 5 steel javelins (quivered)
Armour
 c - a +0 shield (worn)
 i - a +0 helmet of intelligence
 o - a +0 pair of boots (worn)
 u - a +0 cloak (worn)
 v - a +1 helmet (worn)
 w - a +3 leather armour (worn)
 B - the +1 robe of the Hidden Mice {rPois rN+ Dex+2}
   (You found it on level 8 of the Dungeon)

   It affects your dexterity (+2).
   It protects you from poison.
   It protects you from negative energy.
Jewellery
 q - an uncursed amulet of magic regeneration
 C - an amulet of harm (around neck)
Wands
 s - a wand of acid (7)
Scrolls
 a - a scroll of enchant armour
 e - a scroll of amnesia
 h - a scroll of identify
 j - a scroll of blinking
 z - a scroll of remove curse
 G - a scroll of immolation {unknown}
Potions
 b - a potion of flight
 d - a potion of might
 g - a potion of brilliance
 k - a potion of ambrosia
 m - 5 potions of curing
 n - 5 potions of lignification
Books
 F - a book of Power

   Spells                             Type                      Level
   a - Iskenderun's Battlesphere      Conjuration/Charms           5
   b - Venom Bolt                     Conjuration/Poison           5
   c - Bolt of Magma                  Conjuration/Fire/Earth       5
   d - Iron Shot                      Conjuration/Earth            6
   e - Orb of Destruction             Conjuration                  7
   f - Spellforged Servitor           Conjuration/Summoning        7
Comestibles
 f - 12 rations


   Skills:
 - Level 10.4 Fighting
 - Level 9.3 Maces & Flails
 - Level 3.2 Armour
 + Level 7.9 Dodging
 + Level 4.4 Shields


You had 9 spell levels left.
You didn't know any spells.

Dungeon Overview and Level Annotations

Branches:
Dungeon (8/15)             Temple (1/1) D:5            Lair (1/6) D:8

Altars:
Ashenzari
Cheibriados
Dithmenos
Elyvilon
Fedhas
Gozag
Hepliaklqana
Kikubaaqudgha
Makhleb
Nemelex Xobeh
Okawaru
Qazlal
Ru
Sif Muna
Trog
Uskayaw
Vehumet
Wu Jian
Xom
Yredelemnul
Zin
The Shining One


Innate Abilities, Weirdness & Mutations

You are resistant to torment.
Your stone body is resilient. (AC +7)
You are immune to poison.
You resist negative energy. (rN+)
You are resistant to electric shocks. (rElec)
You can survive without breathing.
You are immune to petrification.
You are immune to rotting.


Message History

You feel yourself slow down.
You hit the minotaur but do no damage. Lightning courses through the minotaur!
The minotaur is moderately wounded.
The minotaur misses you. The minotaur gores you.
* * * LOW HITPOINT WARNING * * *
You feel much better.
The minotaur hits you with a mace of draining!
The minotaur gores you.
* * * LOW HITPOINT WARNING * * *
You feel agile all of a sudden. You block the minotaur's attack.
The minotaur gores you.
* * * LOW HITPOINT WARNING * * *
You feel better.
The minotaur hits you with a mace of draining.
The minotaur gores you.
* * * LOW HITPOINT WARNING * * *
You feel very buoyant.
You fly up into the air.
The minotaur hits you with a mace of draining!!
You die...

. # # # # .
. .. ### ##
. .# # ##
## #.... ..
. . . . #
.###### . .
# # ... #
#.... #. .
###...#.#.#
#.# #. ..
#@# .#. #.#
#.#H# #.# #
. . #.#.#
.#. ### #
#.#.. #. .
# #.
.#.#####.#
... .# #.
.....#.#
#.#. # #
#### ### #
.. . . . .#
#. .. . # #


You could see a minotaur.

Vanquished Creatures
  A spiny frog (Lair:1)
  Grinder (D:6)
  2 hippogriffs
  3 yaks (Lair:1)
  A wyvern (D:8)
  3 basilisks (D:8)
  The ghost of Danakh the Magician, an amateur DEIE (D:3)
  An acid dragon (D:8)
  2 porcupines (Lair:1)
  3 sky beasts
  2 orc warriors
  A hornet zombie (D:7)
  4 phantoms
  4 ogres
  A centaur (D:7)
  A crocodile (D:8)
  A big kobold (D:8)
  3 bullfrogs
  4 gnoll sergeants
  3 scorpions
  7 howler monkeys
  5 wights (D:8)
  A quasit (D:5)
  3 hounds
  A bullfrog zombie (D:6)
  7 orc wizards
  3 gnoll shamans (D:5)
  A bullfrog skeleton (D:6)
  A centaur skeleton (D:6)
  An iguana (D:7)
  3 worker ants
  A hound skeleton (D:6)
  10 adders
  53 gnolls
  A howler monkey skeleton (D:8)
  A shadow imp (D:6)
  An ooze (D:7)
  3 adder skeletons
  4 dart slugs
  8 leopard geckos
  38 orcs
  4 giant cockroaches
  7 goblins
  5 hobgoblins
  33 jackals
  3 quokkas
  7 bats
  2 frilled lizards
  A jackal skeleton (D:5)
  14 kobolds
  A quokka skeleton (D:4)
  2 quokka zombies
  8 rats
282 creatures vanquished.

Vanquished Creatures (others)
  15 fungi (D:4)
15 creatures vanquished.

Grand Total: 297 creatures vanquished

Notes
Turn   | Place    | Note
-------+----------+-------------------------------------------
     0 | D:1      | ponchio the Gargoyle Fighter began the quest for the Orb.
     0 | D:1      | Reached XP level 1. HP: 14/14 MP: 1/1
   111 | D:1      | Reached XP level 2. HP: 11/19 MP: 2/2
   487 | D:1      | Reached XP level 3. HP: 24/24 MP: 3/3
   545 | D:1      | Reached skill level 4 in Fighting
  1174 | D:2      | Found a shadowy altar of Dithmenos.
  1352 | D:2      | Reached XP level 4. HP: 29/30 MP: 4/4
  1430 | D:2      | Found an ornate altar of the Wu Jian Council.
  1430 | D:2      | Found a sacrificial altar of Ru.
  1761 | D:2      | Found a shattered altar of Ashenzari.
  2059 | D:2      | Found a sacrificial altar of Ru.
  2060 | D:2      | Found an ornate altar of the Wu Jian Council.
  2164 | D:2      | Found a shattered altar of Ashenzari.
  2181 | D:2      | Found a shadowy altar of Dithmenos.
  2629 | D:3      | Reached XP level 5. HP: 34/34 MP: 5/5
  2781 | D:3      | Reached skill level 5 in Fighting
  3140 | D:3      | Noticed Danakh's ghost (amateur DEIE)
  3153 | D:3      | Killed Danakh's ghost
  3153 | D:3      | Reached XP level 6. HP: 16/41 MP: 6/6
  4122 | D:4      | Noticed a phantom
  4165 | D:4      | Killed a phantom
  4165 | D:4      | Reached skill level 6 in Fighting
  4165 | D:4      | Reached skill level 5 in Maces & Flails
  4175 | D:4      | Reached XP level 7. HP: 47/47 MP: 7/7
  4399 | D:4      | Found a deep blue altar of Sif Muna.
  4569 | D:4      | Reached skill level 7 in Fighting
  5344 | D:4      | Found a deep blue altar of Sif Muna.
  5571 | D:5      | Entered Level 5 of the Dungeon
  5668 | D:5      | Reached XP level 8. HP: 43/53 MP: 8/8
  6210 | D:5      | Reached skill level 8 in Fighting
  6661 | D:5      | Found a staircase to the Ecumenical Temple.
  6670 | Temple   | Entered the Ecumenical Temple
  6809 | Temple   | Became a worshipper of the Shining One
  7079 | D:6      | Reached skill level 9 in Fighting
  7236 | D:6      | Reached XP level 9. HP: 60/60 MP: 9/9
  7300 | D:6      | Noticed Grinder
  7300 | D:6      | Reached * piety under the Shining One
  7308 | D:6      | Paralysed by Grinder for 5 turns
  7316 | D:6      | Killed Grinder
  7839 | D:7      | Reached skill level 10 in Fighting
  8000 | D:7      | Found an iron altar of Okawaru.
  8042 | D:7      | Reached skill level 1 in Dodging
  8560 | D:7      | Reached XP level 10. HP: 64/68 MP: 10/10
  8635 | D:8      | Found a blossoming altar of Fedhas.
  9014 | D:8      | Reached skill level 5 in Dodging
  9094 | D:8      | Got a transparent robe
  9419 | D:8      | Reached ** piety under the Shining One
  9902 | D:8      | Found a staircase to the Lair.
  9978 | D:8      | Identified a scroll of acquirement
 10010 | D:8      | Identified the +1 robe of the Hidden Mice {rPois rN+ Dex+2} (You found it on level 8 of the Dungeon)
 10036 | Lair:1   | Entered Level 1 of the Lair of Beasts
 10065 | Lair:1   | Noticed a spiny frog
 10074 | Lair:1   | Killed a spiny frog
 10153 | Lair:1   | Found a labyrinth entrance.
 10180 | Lab      | Entered a labyrinth
 10702 | Lab      | Noticed a minotaur
 10713 | Lab      | Slain by a minotaur

Skill      XL: |  1  2  3  4  5  6  7  8  9 10 |
---------------+-------------------------------+-----
Fighting       | 4 5 6 7 9 10 | 10.4
Maces & Flails | 3 4 5 6 8 9 |  9.3
Dodging        | 4 7 |  7.9
Shields        | 4 |  4.4
Armour         | |  3.2

Action                   |  1- 3 |  4- 6 |  7- 9 | 10-12 || total
-------------------------+-------+-------+-------+-------++-------
Melee: Whip              |   111 |   175 |   585 |   189 ||  1060
       Flail             |     4 |       |       |       ||     4
  Use: Scroll            |       |    10 |     5 |     6 ||    21
       Potion            |       |       |       |     7 ||     7
  Eat: Chunk             |     1 |     4 |     6 |     3 ||    14
       Ration            |       |     2 |     2 |     1 ||     5
Armor: Scale mail        |    86 |       |       |       ||    86
       Chain mail        |     4 |    71 |   170 |       ||   245
       Leather armour    |       |       |   181 |    63 ||   244
Dodge: Dodged            |    52 |    22 |   165 |    90 ||   329
Block: Shield            |    78 |    84 |   288 |    78 ||   528
